AoeStats
← Gorlami

Arabia

507770832Analyzed
1v1 RM · 11d ago on Sep 19, 2026· 23m 2s· 2 players
Game mode
Random Map
Map size
Tiny (2 player)
Population
200
Speed
Normal
Resources
Standard
Victory
Conquest
Starting age
Dark Age
Ending age
Imperial Age
RankedLock teamsTeams togetherTeam positionsShared explorationLock speedFull tech treeHidden civsTurbo modeCheats
Victory
Defeat
🇦🇷 Khmer · Argentina
1903
+13
🇨🇴 Turks · Colombia
1846
-13
Se7n
6:28 Loom
8:47 Feudal Age
9:25 Double-Bit Axe
9:47 Horse Collar
22:04 Castle Age
21:48 Fletching
Gorlami
8:09 Feudal Age
6:47 Loom
8:39 Double-Bit Axe
8:40 Horse Collar
17:42 Fletching
21:59 Castle Age
21:01 Forging
21:03 Bloodlines
22:36 Bodkin Arrow
22:02 Crossbowman
22:05 Light Cavalry
Connection lost

Rejoining the realm…

Still unreachable

The connection could not be restored.

Session expired

The server has moved on; the page needs a fresh start.